 Dungeon Crawl Stone Soup version 0.31-a0-236-g9a0961fb85 (webtiles) character file.

Game seed: 15093196254354944828

3187 lmSkywalker the Sneak (level 9, -1/64 HPs)
             Began as a Demonspawn Fire Elementalist on July 10, 2023.
             Was an Initiate of Wu Jian.
             Slain by a yak (10 damage)
             ... on level 8 of the Dungeon on July 11, 2023.
             The game lasted 00:52:40 (9091 turns).

lmSkywalker the Sneak (DsFE)                        Turns: 9091, Time: 00:52:41

Health: -1/64      AC:  6    Str: 12    XL:     9   Next: 64%
Magic:  3/15       EV: 14    Int: 18    God:    Wu Jian [......]
Gold:   463        SH:  0    Dex: 15    Spells: 6/16 levels left

rFire   + + .        q - +7 hand axe of the Disbelieving Ass {freeze, Fragile Fly rF++ Str+2}
rCold   . . .        (no shield)
rNeg    . . .        e - +0 ring mail
rPois   .            (no helmet)
rElec   .            (no cloak)
rCorr   .            (no gloves)
SInv    .            c - +0 pair of boots
Will    +....        a - amulet of magic regeneration
Stlth   +++          y - ring "Ytta" {Will+ Slay+3}
HPRegen 0.30/turn    C - ring of wizardry
MPRegen 0.54/turn

%: wizardry (x1)
@: flying
A: foul stench 2, sturdy frame 2, demonic touch 2
a: Renounce Religion


You were on level 8 of the Dungeon.
You worshipped Wu Jian.
Wu Jian was noncommittal.
You visited 2 branches of the dungeon, and saw 10 of its levels.

You collected 463 gold pieces.

Inventory:

Hand Weapons
 n - a +2 dagger of venom
 q - the +7 hand axe of the Disbelieving Ass (weapon) {freeze, Fragile Fly rF++ Str+2}
   (You took it off a kobold on level 3 of the Dungeon)

   Str:       It affects your strength (+2).
   rF:        It greatly protects you from fire.
   Fly:       It grants you flight.
   Fragile:   It will be destroyed if unequipped.
 v - the +6 shillelagh "Devastator" {shatter}
   (You found it on level 5 of the Dungeon)
Missiles
 h - 3 poisoned darts
 k - 2 javelins
 r - 3 boomerangs of dispersal
Armour
 c - a +0 pair of boots (worn)
 e - a +0 ring mail (worn)
 g - a +0 leather armour
 z - a +0 chain mail
Jewellery
 a - an amulet of magic regeneration (around neck)
 y - the ring "Ytta" (left hand) {Will+ Slay+3}
   (You found it on level 6 of the Dungeon)

   [ring of willpower]

   Slay:      It affects your accuracy & damage with ranged weapons and melee
   (+3).
   Will:      It increases your willpower.
 C - a ring of wizardry (right hand)
Wands
 o - a wand of polymorph (3)
 p - a wand of charming (14)
Scrolls
 d - 2 scrolls of acquirement
 f - a scroll of fear {unknown}
 i - a scroll of enchant armour {unknown}
 j - a scroll of blinking {unknown}
 l - 3 scrolls of amnesia
 m - 4 scrolls of revelation
 s - a scroll of vulnerability {unknown}
 t - 2 scrolls of immolation {unknown}
 x - a scroll of identify
 B - a scroll of fog {unknown}
Potions
 b - 3 potions of magic
 u - a potion of cancellation {unknown}
 w - 2 potions of curing
 A - 2 potions of haste {unknown}


   Skills:
 + Level 3.5 Fighting
 * Level 4.8 Axes
 + Level 5.6 Dodging
 + Level 6.0 Stealth
 - Level 1.9 Unarmed Combat
 - Level 4.4 Spellcasting
 - Level 3.0 Conjurations
 + Level 3.3 Translocations
 - Level 4.8 Fire Magic


You had 6 spell levels left.
You knew the following spells:

 Your Spells              Type           Power      Damage    Failure   Level
a - Foxfire               Conj/Fire      72%        2x1d7     1%          1
b - Scorch                Fire           42%        2d6       1%          2
c - Volatile Blastmotes   Fire/Tloc      36%        2d13      3%          3
d - Passage of Golubria   Tloc           16%        N/A       16%         4

Your spell library contained the following spells:

 Spells                   Type           Power      Damage    Failure   Level
 Freeze                   Ice            12%        1d3       6%          1
 Summon Small Mammal      Summ           12%        N/A       6%          1
 Inner Flame              Hex/Fire       12%        N/A       8%          3
 Hailstorm                Conj/Ice       9%         3d4       11%         3
 Ignite Poison            Fire/Tmut/Pois 9%         N/A       11%         3
 Flame Wave               Conj/Fire      18%        2d7       12%         4
 Sticky Flame             Conj/Fire      18%        2d4       12%         4
 Call Canine Familiar     Summ           3%         N/A       19%         3
 Frozen Ramparts          Ice            6%         1d1       19%         3
 Summon Guardian Golem    Hex/Summ       3%         N/A       19%         3
 Silence                  Hex/Air        1%         N/A       85%         5
 Ignition                 Fire           10%        3d5       100%        8
 Lehudib's Crystal Spear  Conj/Erth      4%         10d3      100%        8


Dungeon Overview and Level Annotations

Branches:
Dungeon (9/15)             Temple (1/1) D:5
   Lair: D:8-11         Orc: D:9-12

Altars:
Cheibriados
Dithmenos
Hepliaklqana
Makhleb
Nemelex Xobeh
Okawaru
Ru
Sif Muna
Uskayaw
Vehumet
Wu Jian
Xom
Yredelemnul
Lugonu

Annotations:
D:2 Jessica
D:3 exclusions: orc, 3 orc priests and 1 more exclusion
D:4 Grinder, Sigmund
D:5 exclusion: wyvern
D:7 2 runed translucent doors


Innate Abilities, Weirdness & Mutations

You sometimes emit foul miasma when damaged in melee.
Your movements are less encumbered by armour. (ER -4)
Your touch may inflict irresistible damage on your foes.


Message History

Casting: Scorch (safe; 1% risk of failure)
Confirm with . or Enter, or press ? or * to list all spells.
Flames lash the yak but do no damage.
The yak gores you.
You emit a cloud of foul miasma!
You slash the yak! You freeze the yak. Your punch misses the yak.
The yak is heavily wounded.
The yak is engulfed in dark miasma.
The yak is poisoned.
The yak barely misses you.
You hit the yak. You freeze the yak. Your touch misses the yak.
The yak is almost dead.
The yak is no longer more vulnerable to fire.
The yak is engulfed in dark miasma.
The yak looks even sicker.
The yak gores you!
* * * LOW HITPOINT WARNING * * *
You slash the yak! You freeze the yak.
You kill the yak!
The Council accepts your kill.
You lunge at the yak.
You hit the yak. You freeze the yak.
You touch the yak!
The yak is moderately wounded.
The yak gores you.
* * * LOW HITPOINT WARNING * * *
Things that are here:
a +0 war axe; a +0 plate armour
Casting: Scorch (safe; 1% risk of failure)
Confirm with . or Enter, or press ? or * to list all spells.
Flames lash the yak.
The yak is heavily wounded.
The yak's fire resistance burns away.
The yak closely misses you.
Casting: Scorch (safe; 1% risk of failure)
Confirm with . or Enter, or press ? or * to list all spells.
Flames lash the yak.
The yak is burned terribly!
The yak is almost dead.
The yak gores you.
* * * LOW HITPOINT WARNING * * *
Casting: Scorch (safe; 1% risk of failure)
Confirm with . or Enter, or press ? or * to list all spells.
Flames lash the yak.
The yak is almost dead.
The yak gores you!
You die...

# ###### ###### ###### #
#....##########....# #....# #
#....#...[.#..'....# #....# #
#....#.....#..#....# #....# #
#....#.....#..#....# #....# #
#....#.....#Y)#....# #....# #
#....#.....#.@#...o# #....#
####....#'########....####....##
...####....#.#######...........#
...#..#....#.......#...Y.......#
...#..#....#.......#...........#
...'..#....#.......#...........#
...####....#.####.##...........#
.####.....#######.#######'######
.#..#.....#..'..........^...#


You could see a yak (combustible).

Vanquished Creatures
  Prince Ribbit (D:8)
  2 yaks
  2 water moccasins
  Duvessa (D:6)
  Pargi (D:4)
  An ice beast (D:7)
  2 orc warriors
  2 ogres (D:5)
  2 black bears
  A centaur (D:6)
  4 phantoms (D:5)
  5 bullfrogs
  3 scorpions
  Dowan (D:6)
  A howler monkey (D:8)
  A hound (D:5)
  2 jellies
  2 orc priests (D:8)
  2 sleepcaps (D:6)
  6 orc wizards
  5 iguanas
  10 adders
  A river rat (D:4)
  A shadow imp (D:7)
  A white imp (D:7)
  An ufetubus (D:7)
  4 dart slugs
  12 orcs
  6 bats
  8 endoplasms
  6 giant cockroaches
  7 goblins
  6 hobgoblins
  2 jackals (D:1)
  4 quokkas
  6 ball pythons
  2 frilled lizards
  5 kobolds
  3 rats
132 creatures vanquished.

Vanquished Creatures (others)
  333 foxfires
333 creatures vanquished.

Grand Total: 465 creatures vanquished

Notes
Turn   | Place    | Note
-------+----------+-------------------------------------------
     0 | D:1      | lmSkywalker the Demonspawn Fire Elementalist began the
                  | quest for the Orb.
     0 | D:1      | Reached XP level 1. HP: 13/13 MP: 3/3
   336 | D:1      | Reached skill level 2 in Stealth
   336 | D:1      | Gained mutation: Your touch may inflict minor irresistible
                  | damage on your foes. [demonic ancestry]
   336 | D:1      | Reached XP level 2. HP: 19/19 MP: 5/5
   870 | D:1      | Learned a level 2 spell: Scorch
  1288 | D:2      | Noticed Jessica
  1368 | D:2      | Gained mutation: Your movements are slightly less
                  | encumbered by armour. (ER -2) [demonic ancestry]
  1368 | D:2      | Reached XP level 3. HP: 24/24 MP: 4/6
  2481 | D:3      | Gained mutation: You may rarely emit foul miasma when
                  | damaged in melee. [demonic ancestry]
  2481 | D:3      | Reached XP level 4. HP: 26/30 MP: 7/7
  2712 | D:3      | Identified the +7 hand axe of the Disbelieving Ass {freeze,
                  | Fragile Fly rF++ Str+2}
  2982 | D:4      | Noticed Pargi
  2992 | D:4      | Killed Pargi
  2993 | D:4      | Gained mutation: You sometimes emit foul miasma when
                  | damaged in melee. [demonic ancestry]
  2993 | D:4      | Reached XP level 5. HP: 6/35 MP: 1/9
  3376 | D:4      | Noticed a black bear
  3385 | D:4      | Killed a black bear
  3386 | D:4      | Reached skill level 3 in Stealth
  3386 | D:4      | Reached XP level 6. HP: 41/41 MP: 3/10
  3638 | D:4      | Noticed an orc warrior
  3644 | D:4      | Noticed Sigmund
  3948 | D:4      | Noticed Grinder
  3964 | D:5      | Entered Level 5 of the Dungeon
  3964 | D:5      | Found the +6 shillelagh "Devastator" {shatter}
  4085 | D:4      | Learned a level 3 spell: Volatile Blastmotes
  4212 | D:5      | Found a staircase to the Ecumenical Temple.
  4221 | Temple   | Entered the Ecumenical Temple
  4473 | D:5      | Reached skill level 1 in Translocations
  4473 | D:5      | Gained mutation: Your movements are less encumbered by
                  | armour. (ER -4) [demonic ancestry]
  4473 | D:5      | Reached XP level 7. HP: 46/46 MP: 8/12
  4584 | D:5      | Noticed a +0 falchion
  4585 | D:5      | Noticed a +0 dagger
  4586 | D:5      | Noticed a +0 spear
  4586 | D:5      | Noticed a +0 short sword
  4586 | D:5      | Noticed a +0 spear
  4586 | D:5      | Noticed a +0 falchion
  4586 | D:5      | Noticed a +0 short sword
  4587 | D:5      | Noticed a +0 dagger
  4595 | D:5      | Found a hide-covered altar of Uskayaw.
  4699 | D:5      | Reached skill level 4 in Stealth
  4736 | D:5      | Noticed a wyvern
  4791 | D:5      | Identified a scroll of acquirement
  4922 | D:5      | Reached XP level 8. HP: 52/52 MP: 10/14
  5650 | D:5      | Found an ornate altar of the Wu Jian Council.
  5669 | D:5      | Became a worshipper of the Wu Jian Council
  6017 | D:6      | Found a basalt altar of Yredelemnul.
  6226 | D:6      | Identified the ring "Ytta" {Will+ Slay+3}
  6315 | D:6      | Reached skill level 1 in Axes
  6375 | D:6      | Noticed Duvessa
  6375 | D:6      | Noticed Dowan
  6385 | D:6      | Killed Duvessa
  6386 | D:6      | Reached skill level 1 in Fighting
  6392 | D:6      | Killed Dowan
  6393 | D:6      | Reached skill level 1 in Unarmed Combat
  6575 | D:6      | Reached skill level 5 in Stealth
  6590 | D:6      | Found a sacrificial altar of Ru.
  7046 | D:6      | Found a snail-covered altar of Cheibriados.
  7379 | D:6      | Found a hazy altar of Hepliaklqana.
  7492 | D:7      | Found a large runed translucent door.
  7493 | D:7      | Found a large runed translucent door.
  7504 | D:7      | Reached skill level 5 in Dodging
  7624 | D:7      | Found an iron altar of Okawaru.
  7633 | D:7      | Gained mutation: Your touch may inflict irresistible damage
                  | on your foes. [demonic ancestry]
  7633 | D:7      | Reached XP level 9. HP: 61/61 MP: 7/15
  7852 | D:8      | Noticed Prince Ribbit
  7858 | D:8      | Killed Prince Ribbit
  7875 | D:8      | Learned a level 4 spell: Passage of Golubria
  8292 | D:8      | Found a burning altar of Makhleb.
  8701 | D:9      | Noticed a manticore
  9077 | D:8      | Reached skill level 6 in Stealth
  9091 | D:8      | Slain by a yak

Illustrated notes

Levels and vault maps discovered:
D:1:      lemuel_arrival_muddy, layout_loops_ring
D:2:      layout_basic, minmay_misc_feat_nine_boxes, grunt_decor_arrowhead,
          uniq_jessica
D:3:      layout_loops_ring
D:4:      layout_gridville, portal_sewer_entry_b, uniq_pargi, uniq_sigmund,
          uniq_grinder
D:5:      layout_basic, nicolae_uskayaw_en_pointe,
          mainiacjoe_overflow_catwalk_spiral, marbit_many_paths,
          nzn_wu_jian_council_hall, minmay_temple_entry_sparse_star,
          dilly_guarded_unrand_devastator
D:6:      layout_basic, kennysheep_slug_shrine,
          nicolae_hepliaklqana_hippocampus, nicolae_ru_sacrificial_ziggurat,
          mainiacjoe_overflow_catwalk, chequers_serial_rivers_micro_c,
          chequers_serial_rivers_large_a, uniq_duvessa
D:7:      layout_gridville, mainiacjoe_overflow_six_doors_small,
          jmf_multi_god_temple2, uniq_pikel
D:8:      layout_gridville, bloody_makhleb, uniq_prince_ribbit1
D:9:      layout_irregular_city, grunt_gozag_breadcrumbs,
          overflow_temple_1_default, mainiacjoe_overflow_concentric_impassable,
          david_orc_4, minmay_quadrilaterals, uniq_erica
Temple:   corrupted_temple

Skill      XL: |  1  2  3  4  5  6  7  8  9 |
---------------+----------------------------+-----
Stealth        | 2 3 4 5 6 |  6.0
Dodging        | 2 3 4 5 |  5.6
Fire Magic     | 3 4 |  4.8
Conjurations   | 2 3 |  3.0
Spellcasting   | 3 4 |  4.4
Translocations | 1 2 3 |  3.3
Axes           | 3 4 |  4.8
Fighting       | 2 3 |  3.5
Unarmed Combat | 1 |  1.9

Action                     |  1- 3 |  4- 6 |  7- 9 || total
---------------------------+-------+-------+-------++-------
  Melee: Spear             |    37 |       |       ||    37
         Touch             |     6 |     3 |    10 ||    19
         Dagger            |     6 |     4 |       ||    10
         Hand axe          |       |    26 |    38 ||    64
         Punch             |       |     1 |       ||     1
   Cast: Foxfire           |    47 |    38 |   124 ||   209
         Scorch            |     8 |    17 |    50 ||    75
         Volatile Blastmot |       |       |     5 ||     5
         Passage of Golubr |       |       |     1 ||     1
Ability: Lunge             |       |       |     7 ||     7
    Use: Scroll            |       |     3 |     2 ||     5
         Potion            |       |     3 |     1 ||     4
   Stab: Sleeping          |     4 |     1 |     1 ||     6
 Armour: Robe              |     3 |       |       ||     3
         Leather armour    |     6 |    11 |     4 ||    21
         Ring mail         |       |       |    14 ||    14
  Dodge: Dodged            |    18 |    27 |    54 ||    99

Table legend: (Time is in decaauts)
 A = Elapsed time spent in this place.
 B = Non-inter-level travel time spent in this place.
 C = Inter-level travel time spent in this place.
 D = Time resting spent in this place.
 E = Time spent auto-exploring this place.
 F = Levels seen in this place.
 G = Mean time per level.
                   A        B        C        D        E       F      G
               +--------+--------+--------+--------+--------+-----+--------+
         Total |   9124 |   8406 |    718 |   2209 |   1633 |  10 |  912.4 |
       Dungeon |   9082 |   8374 |    708 |   2209 |   1633 |   9 | 1009.1 |
        Temple |     41 |     31 |     10 |      0 |      0 |   1 |   41.0 |
               +--------+--------+--------+--------+--------+-----+--------+

Top non-repeatable levels by time:
     D:6: 1647 daAuts
     D:5: 1590 daAuts
     D:3: 1380 daAuts
     D:1: 1314 daAuts
     D:8: 1160 daAuts
     D:4: 950 daAuts
     D:2: 569 daAuts
     D:7: 382 daAuts
     D:9: 87 daAuts
  Temple: 41 daAuts
